Map: Pylon LE

Players

Snake

  • Race: Zerg Zerg
  • League: Grandmaster
  • Spawn Location: 5:00

thicendfirst - Winner!

  • Race: Terran Terran
  • League: Grandmaster
  • Spawn Location: 11:00

VOD

Have the link to the VOD?

Description

Time

  • Played on: Oct. 20, 2025, 11:23 p.m.
  • Length: 9:41
Show
View Real Time Build Order
Export as new Build Order

Snake Zerg 

Build Orders: Pool First 

Get SALT Encoding   

  12  0:01  Drone  
  13  0:13  Overlord  
  13  0:18  Drone  
  14  0:33  Drone x2  
  16  0:40  Spawning Pool  
  15  0:45  Drone  
  16  0:50  Drone  
  17  1:08  Hatchery  
  16  1:14  Drone  
  17  1:28  Queen  
  17  1:29  Extractor, Zergling x2  
  17  1:30  Zergling x2  
  20  1:33  Zergling x2  
  21  1:42  Overlord  
  21  1:51  Drone  
  22  2:04  Drone  
  23  2:11  Queen  
  25  2:17  Drone  
  25  2:21  Queen  
  25  2:22  Drone  
  29  2:24  Drone  
  30  2:41  Drone x3  
  32  2:45  Drone x3  
  34  2:54  Drone x2  
  35  3:03  Metabolic Boost  
  35  3:09  Drone  
  35  3:12  Overlord  
  36  3:23  Hatchery, Overlord  
  35  3:29  Drone  
  35  3:30  Drone x3  
  35  3:31  Drone  
  35  3:34  Drone  
  41  3:37  Drone x2  
  41  3:40  Zergling x2  
  44  3:43  Zergling x4  
  46  3:48  Lair  
  46  3:52  Zergling x2  
  47  3:58  Extractor  
  47  4:00  Drone x3  
  47  4:01  Baneling Nest  
  48  4:06  Queen  
  48  4:09  Zergling x2  
  51  4:12  Drone  
  51  4:13  Overlord  
  51  4:17  Overlord  
  52  4:27  Overlord  
  52  4:34  Zergling x4  
  52  4:35  Zergling x6  
  57  4:39  Drone x2, Extractor  
  57  4:40  Drone x3  
  57  4:41  Zergling x2  
  62  4:46  Zergling x4  
  62  4:49  Baneling  
  62  4:50  Zergling x2  
  65  4:58  Spire, Drone, Extractor  
  65  4:59  Spore Crawler, Drone x3  
  66  5:01  Baneling x2  
  66  5:06  Drone x3  
  65  5:10  Drone  
  65  5:13  Drone  
  67  5:17  Drone x3  
  67  5:18  Zergling x2  
  71  5:26  Spore Crawler  
  71  5:27  Overlord  
  70  5:28  Centrifugal Hooks  
  70  5:32  Spore Crawler  
  70  5:33  Drone  
  70  5:35  Zergling x6  
  72  5:36  Zergling x2  
  74  5:42  Overlord x2  
  74  5:54  Overlord  
  74  6:01  Extractor  
  74  6:03  Extractor  
  74  6:04  Mutalisk x5  
  72  6:07  Drone x3  
  72  6:08  Drone  
  72  6:09  Drone  
  72  6:11  Drone  
  88  6:12  Drone  
  88  6:16  Overseer  
  89  6:30  Overlord  
  89  6:33  Overlord  
  89  6:37  Overlord  
  89  6:41  Evolution Chamber, Mutalisk  
  89  6:42  Zerg Flyer Weapons Level 1  
  89  6:46  Zergling x6  
  93  6:47  Hatchery  
  93  6:53  Drone  
  93  6:54  Drone  
  94  6:55  Drone x3  
  97  7:02  Overlord  
  97  7:03  Drone x4  
  101  7:08  Baneling  
  101  7:09  Baneling x3  
  101  7:11  Evolution Chamber  
  101  7:14  Infestation Pit  
  99  7:16  Zerg Melee Weapons Level 1  
  99  7:18  Mutalisk  
  99  7:20  Mutalisk  
  103  7:28  Mutalisk x2  
  107  7:31  Zergling x6  
  110  7:39  Zerg Ground Armor Level 1  
  110  7:40  Mutalisk x2  
  110  7:42  Zergling x2  
  110  7:43  Baneling  
  115  7:44  Baneling x2  
  115  7:48  Mutalisk  
  117  7:55  Zergling x4  
  117  7:56  Mutalisk x2, Zergling x2  
  124  7:59  Overlord  
  124  8:04  Queen  
  126  8:06  Overlord  
  126  8:10  Drone x2  
  126  8:12  Baneling x3  
  128  8:15  Baneling  
  128  8:16  Baneling x7  
  128  8:17  Baneling  
  128  8:18  Zergling x2  
  129  8:20  Zergling x2  
  129  8:23  Zergling x4  
  129  8:25  Baneling x2  
  129  8:26  Baneling x2  
  130  8:30  Zergling x6  
  130  8:32  Zergling x2  
  110  8:35  Zergling x2  
  110  8:36  Zergling x4  
  110  8:40  Zergling x8  
  109  8:41  Zergling x2  
  109  8:44  Zergling x2  
  109  8:45  Zergling x2  
  109  8:47  Zergling x2  
  109  8:48  Baneling x5  
  113  8:50  Zergling x2  
  114  9:00  Zergling x6  
  114  9:01  Zergling x2  
  118  9:03  Zergling x4  
  108  9:11  Zergling x8  
  108  9:13  Zergling x4  
  108  9:15  Zergling x4  
  109  9:18  Baneling x6  
  109  9:20  Zergling x4  
Show
View Real Time Build Order
Export as new Build Order

thicendfirst Terran - Winner!

Build Orders: Reaper Expand, Hellion Banshee 

Get SALT Encoding   

  12  0:00  SCV  
  13  0:12  SCV  
  14  0:17  Supply Depot  
  14  0:25  SCV  
  15  0:38  SCV  
  15  0:40  Barracks  
  16  0:44  Refinery  
  16  0:50  SCV  
  17  1:02  SCV  
  18  1:14  SCV  
  19  1:27  Reaper, Orbital Command  
  20  1:37  Command Center  
  20  1:46  Supply Depot  
  20  1:53  SCV  
  21  1:59  Marine  
  22  2:05  SCV  
  23  2:10  Factory  
  23  2:17  SCV  
  23  2:20  Barracks Reactor  
  24  2:25  Bunker  
  24  2:36  SCV  
  25  2:48  SCV  
  25  2:57  Command Center  
  24  3:00  SCV  
  25  3:07  Hellion x2  
  25  3:08  Starport  
  25  3:11  Refinery  
  25  3:12  SCV  
  30  3:16  Barracks Tech Lab  
  30  3:19  Orbital Command  
  30  3:25  SCV  
  31  3:28  Hellion  
  31  3:32  Hellion  
  35  3:38  SCV  
  36  3:49  SCV  
  36  3:50  SCV  
  38  3:56  Hellion x2  
  38  4:00  Banshee  
  38  4:02  Cloaking Field  
  45  4:03  SCV  
  45  4:09  SCV  
  47  4:10  Orbital Command  
  47  4:13  Marine  
  48  4:17  SCV  
  48  4:21  SCV  
  50  4:29  Barracks, SCV  
  50  4:31  Factory Reactor  
  51  4:32  Barracks Tech Lab  
  51  4:36  SCV x2  
  51  4:38  Barracks  
  53  4:41  SCV  
  53  4:43  Supply Depot  
  54  4:48  SCV  
  54  4:49  SCV  
  54  4:52  Marine  
  57  4:53  Stimpack, SCV  
  57  4:54  Banshee  
  61  5:03  Supply Depot  
  61  5:05  SCV x3  
  64  5:10  Marine  
  65  5:17  SCV x3  
  65  5:19  Factory Reactor, Marine  
  69  5:23  Engineering Bay  
  69  5:24  Marine  
  69  5:26  Engineering Bay  
  69  5:28  Refinery  
  70  5:29  SCV  
  70  5:30  Refinery  
  70  5:32  Marine  
  72  5:36  Supply Depot, Marine x2  
  72  5:37  Marine  
  72  5:38  Supply Depot  
  72  5:42  SCV x2  
  77  5:48  Barracks  
  77  5:49  Barracks  
  77  5:57  SCV  
  77  5:58  Marine x4  
  77  6:01  Supply Depot  
  77  6:02  Supply Depot, Marine  
  83  6:04  Medivac x2  
  83  6:07  Siege Tank  
  83  6:09  SCV x2  
  92  6:14  Terran Infantry Weapons Level 1, Terran Infantry Armor Level 1  
  92  6:15  Marine  
  92  6:17  Orbital Command  
  93  6:23  Marine  
  93  6:24  Missile Turret  
  94  6:26  Marine  
  94  6:27  Missile Turret  
  94  6:28  Marine, Missile Turret  
  94  6:32  SCV  
  97  6:35  SCV  
  98  6:42  SCV  
  98  6:44  SCV  
  98  6:46  Missile Turret  
  100  6:48  Bunker  
  100  6:50  Medivac  
  100  6:52  Marine  
  100  6:53  Barracks Reactor x2  
  100  6:54  Combat Shield, Marine  
  104  6:58  Marine x2  
  104  7:00  Siege Tank  
  109  7:09  Supply Depot  
  109  7:13  Supply Depot  
  109  7:15  Supply Depot  
  109  7:16  Armory  
  109  7:28  Refinery  
  109  7:31  SCV x3, Marine x5  
  109  7:33  Supply Depot  
  109  7:35  Marine x3  
  109  7:36  Marine  
  121  7:39  Supply Depot  
  121  7:42  Supply Depot  
  121  7:43  SCV x3  
  124  7:44  Siege Tank  
  124  7:48  Marine x2  
  124  7:49  Marine x3  
  132  7:53  Marine x3  
  132  7:54  Marine  
  132  7:55  SCV x2  
  132  7:56  Supply Depot  
  138  8:03  Supply Depot  
  138  8:04  Supply Depot  
  138  8:06  Medivac x2, Marine x5  
  138  8:11  Marine  
  148  8:16  Siege Tank, Marine x3  
  154  8:20  Supply Depot  
  154  8:22  Supply Depot  
  154  8:24  Marine  
  126  8:35  Marine x2  
  122  8:41  Marine  
  122  8:42  Marine x2  
  122  8:43  Marine x2  
  122  8:44  Marine x2  
  122  8:46  SCV x2  
  131  8:48  Siege Tank  
  131  8:49  Command Center  
  131  8:52  Medivac x2  
  131  8:53  Marine x2  
  140  8:59  Marine x2  
  140  9:00  Marine x2  
  140  9:13  Marine x5  
  141  9:17  Marine  
  141  9:18  Marine x2  
  141  9:19  Barracks, Marine  
  141  9:20  Barracks  
  141  9:23  Barracks  
Tags
 
Add a new tag
Caveats
  • Supply blocks, unpowered buildings, or Contaminate may cause inaccurate times.
  • Supply counts are checked every 10 seconds.